 Dungeon Crawl Stone Soup version 0.31-a0-920-g28cbb04a8c (webtiles) character file.

Game seed: 12979856601497260019

5297 Arzdou the Thaumaturge (level 10, 0/81 HPs)
             Began as a Djinni Air Elementalist on Oct 17, 2023.
             Was a Priest of Ashenzari.
             Slain by a death yak (16 damage)
             ... on level 8 of the Dungeon.
             The game lasted 00:31:02 (10399 turns).

Arzdou the Thaumaturge (Djinni Air Elementalist)   Turns: 10399, Time: 00:31:04

Health: 0/81       AC:  7    Str:  9    XL:     10   Next: 95%
Gold:   373        EV: 12    Int: 28    God:    Ashenzari [***...] SH:  0 Dex: 13

rFire   + . .        E - +2 triple sword of the Gnostic Empyrean {freeze, Str+2 Int+6, Self, Melee} (curse)
rCold   . . .        (shield currently unavailable)
rNeg    . . .        l - +3 leather armour of Ashenzari's Doubts {rCorr, Range, Self} (curse)
rPois   ∞            x - +0 helmet of Ashenzari's Stars {Cun, Self} (curse)
rElec   .            (no cloak)
rCorr   +            (no gloves)
SInv    +            (boots unavailable)
Will    +....        (no amulet)
Stlth   ++           y - ring of the Unveiling Stars {Ice, Comp, Alch} (curse)
HPRegen 0.33/turn    (no ring)
MPRegen 0.00/turn

%: clarity, infuse magic (-1 HP)
@: flying
A: sickness immunity, fire resistance 2, cold vulnerability 1, float, innate
caster, HP casting, extra vitality 1
a: Renounce Religion, Curse Item, Shatter the Chains


You were on level 8 of the Dungeon.
You worshipped Ashenzari.
Ashenzari was most pleased with you.
You visited 2 branches of the dungeon, and saw 9 of its levels.

You collected 373 gold pieces.

Inventory:

Hand Weapons
 b - a +0 rapier of chaos
 E - the cursed +2 triple sword of the Gnostic Empyrean (weapon) {freeze, Str+2 Int+6, Self, Melee}
   (You found it on level 5 of the Dungeon)

   Str+2:     It affects your strength (+2).
   Int+6:     It affects your intelligence (+6).
   It has a curse which improves the following skills: Introspection: Fighting
   and Spellcasting.
   Melee Combat: Short Blades, Long Blades, Axes, Maces & Flails, Polearms,
   Staves and Unarmed Combat.
Missiles
 B - 4 javelins
Armour
 l - the cursed +3 leather armour of Ashenzari's Doubts (worn) {rCorr, Range, Self}
   (You found it on level 2 of the Dungeon)

   rCorr:     It protects you from acid and corrosion.
   It has a curse which improves the following skills: Ranged Combat: Ranged
   Weapons and Throwing.
   Introspection: Fighting and Spellcasting.
 u - a +0 kite shield
 x - the cursed +0 helmet of Ashenzari's Stars (worn) {Cun, Self}
   (You took it off Robin on level 2 of the Dungeon)

   It has a curse which improves the following skills: Cunning: Dodging and
   Stealth.
   Introspection: Fighting and Spellcasting.
Jewellery
 y - the cursed ring of the Unveiling Stars (left hand) {Ice, Comp, Alch}
   (You found it on level 6 of the Dungeon)

   [ring of ice]

   Ice:       It enhances your ice magic.
   rF-:       It makes you vulnerable to fire.
   rC+:       It protects you from cold.
   It has a curse which improves the following skills: Companions: Summonings
   and Necromancy.
   Alchemy:   Poison Magic and Transmutations.
Talismans
 d - a granite talisman
Wands
 c - a wand of mindburst (13)
 e - a wand of flame (17)
 t - a wand of polymorph (8)
 D - a wand of digging (5)
Scrolls
 a - a scroll of revelation
 h - 2 scrolls of summoning
 i - 2 scrolls of brand weapon
 j - 2 scrolls of teleportation
 o - 2 scrolls of poison
 p - 2 scrolls of enchant weapon
 C - a scroll of vulnerability
Potions
 k - 3 potions of might
 m - 2 potions of resistance
 n - a potion of ambrosia
 q - 3 potions of curing
 r - 2 potions of mutation
 s - a potion of cancellation
 v - a potion of attraction
 w - a potion of berserk rage
 z - 3 potions of brilliance


   Skills:
 + Level 7.4(10.4) Fighting
 - Level 3.6(5.0) Long Blades
 - Level 2.1(3.3) Dodging
 - Level 1.5(2.6) Stealth
 - Level 4.3 Shields
 * Level 9.6(12.5) Spellcasting
 * Level 9.6 Conjurations
 * Level 9.6 Hexes
 * Level 9.6(11.1) Summonings
 * Level 9.6(11.1) Necromancy
 * Level 9.6 Translocations
 * Level 9.6(11.1) Transmutations
 * Level 9.6 Fire Magic
 * Level 9.6 Ice Magic
 * Level 9.6 Air Magic
 * Level 9.6 Earth Magic
 * Level 9.6(11.1) Poison Magic


You knew the following spells:

 Your Spells              Type           Power      Damage    Failure   Level
a - Shock                 Conj/Air       100%       1d9       1%          1
b - Static Discharge      Conj/Air       100%       2-7/arc   1%          2
c - Swiftness             Air            64%        N/A       1%          3
d - Airstrike             Air            32%        2d(5-21)  1%          4
e - Foxfire               Conj/Fire      100%       2x1d9     1%          1
f - Scorch                Fire           100%       2d9       1%          2
g - Wereblood             Tmut           68%        N/A       1%          2
h - Manifold Assault      Tloc           64%        N/A       1%          4
Your spell library was empty.

Dungeon Overview and Level Annotations

Branches:
Dungeon (8/15)             Temple (1/1) D:4            Lair (0/5) D:8

Altars:
Ashenzari
Cheibriados
Dithmenos
Elyvilon
Fedhas
Gozag
Hepliaklqana
Makhleb
Nemelex Xobeh
Okawaru
Qazlal
Ru
Trog
Uskayaw
Wu Jian
Xom
Yredelemnul
Zin
The Shining One

Shops:
D:2 *   D:7 (


Innate Abilities, Weirdness & Mutations

You are immune to sickness and miasma.
You are immune to poison.
Your flesh is very heat resistant. (rF++)
You are vulnerable to cold. (rC-)
You float through the air rather than walking.
You learn spells naturally, not from books.
Your magical power is your life essence.
You have superior vitality. (+4 MHP)


Message History

The death yak is moderately wounded.
Casting: Airstrike (mildly dangerous; 1% risk of failure)
Confirm with . or Enter, or press ? or * to list all spells.
Aiming: Airstrike (mildly dangerous; 1% risk of failure)
Press: ? - help, Dir - move target, f/p - death yak
Aim: a death yak (moderately wounded, empty space bonus: 6/8)
The air twists around and strikes the death yak!
The death yak is moderately wounded.
Casting: Airstrike (mildly dangerous; 1% risk of failure)
Confirm with . or Enter, or press ? or * to list all spells.
Aiming: Airstrike (mildly dangerous; 1% risk of failure)
Press: ? - help, Dir - move target, f/p - death yak
Aim: a death yak (moderately wounded, empty space bonus: 5/8)
The air twists around and strikes the death yak but does no damage.
Casting: Airstrike (mildly dangerous; 1% risk of failure)
Confirm with . or Enter, or press ? or * to list all spells.
Aiming: Airstrike (mildly dangerous; 1% risk of failure)
Press: ? - help, Dir - move target, f/p - death yak
Aim: a death yak (moderately wounded, empty space bonus: 6/8)
The air twists around and strikes the death yak!!
The death yak is heavily wounded.
Casting: Airstrike (mildly dangerous; 1% risk of failure)
Confirm with . or Enter, or press ? or * to list all spells.
Aiming: Airstrike (mildly dangerous; 1% risk of failure)
Press: ? - help, Dir - move target, f/p - death yak
Aim: a death yak (heavily wounded, empty space bonus: 6/8)
The air twists around and strikes the death yak!
The death yak is severely wounded.
The death yak gores you!
* * * LOW HITPOINT WARNING * * *
Casting: Airstrike (mildly dangerous; 1% risk of failure)
Confirm with . or Enter, or press ? or * to list all spells.
Aiming: Airstrike (mildly dangerous; 1% risk of failure)
Press: ? - help, Dir - move target, f/p - death yak
Aim: a death yak (severely wounded, empty space bonus: 6/8)
The air twists around and strikes the death yak.
The death yak is severely wounded.
* * * LOW HITPOINT WARNING * * *
The death yak gores you!
You die...

...#.............†.#.......#
.......#.##........#...O...#.....
..........#####'#####KK{...#....
..........##.......##KKK{.##...#
#+........##.......##{######...#
.....#.#...#........#.....#....#
........#...........#.....#....#
......>.........<...#.....#....#
...............Y@...'.....'....#
............+##...##########...#
##....#.......#...###...####...##
#.....÷......#.........#.......#
#............#.........#.......#
#............#.........'.......#
######.....>.#.........#.......#
###.....#..)......#.......#
#.....#'####........##..#


You could see a death yak.

Vanquished Creatures
  2 death yaks (D:8)
  Pikel (D:6)
  A wyvern (D:7)
  A yak (D:8)
  Eustachio (D:5)
  A steam dragon (D:6)
  A water moccasin (D:6)
  Duvessa (D:6)
  4 orc warriors
  A sky beast (D:6)
  A black bear (D:7)
  3 ice beasts (D:7)
  A centaur (D:7)
  A phantom (D:6)
  A kobold brigand (D:8)
  4 lemures (D:6)
  Blork the orc (D:6)
  2 bullfrogs
  4 scorpions
  2 wights (D:5)
  Dowan (D:6)
  6 killer bees
  An orc priest (D:4)
  4 hounds
  A gnoll bouda (D:5)
  3 iguanas
  A sleepcap (D:4)
  5 orc wizards
  Terence (D:3)
  Robin (D:2)
  11 gnolls
  10 adders
  3 shadow imps
  A white imp (D:5)
  4 ufetubi (D:6)
  3 worms (D:2)
  2 dart slugs (D:4)
  12 orcs
  7 ball pythons
  7 endoplasms
  6 giant cockroaches
  13 goblins
  11 hobgoblins
  2 jackals (D:2)
  10 kobolds
  A quokka (D:8)
  3 bats
  3 frilled lizards
  6 rats
173 creatures vanquished.

Vanquished Creatures (collateral kills)
  2 yaks (D:8)
2 creatures vanquished.

Grand Total: 175 creatures vanquished

Notes
Turn   | Place    | Note
-------+----------+-------------------------------------------
     0 | D:1      | Arzdou the Djinni Air Elementalist began the quest for the
                  | Orb.
     0 | D:1      | Arzdou set off with the following spells memorised: Shock,
                  | Static Discharge, Swiftness, Airstrike.
     0 | D:1      | Reached XP level 1. HP: 15/15 MP: 0/0
   191 | D:1      | Reached XP level 2. HP: 20/22 MP: 0/0
   215 | D:1      | Reached skill level 1 in Fighting
   727 | D:1      | Reached XP level 3. HP: 25/27 MP: 0/0
   727 | D:1      | Learned a level 1 spell: Foxfire
  1173 | D:2      | Noticed Robin
  1182 | D:2      | Killed Robin
  1183 | D:2      | Reached XP level 4. HP: 26/33 MP: 0/0
  1504 | D:2      | Reached XP level 5. HP: 34/39 MP: 0/0
  1504 | D:2      | Learned a level 2 spell: Scorch
  1534 | D:2      | Found Keerosup's General Store.
  1550 | D:2      | Found a glowing silver altar of Zin.
  1781 | D:2      | Identified the +3 leather armour of the Hippogriff {rCorr}
  2102 | D:3      | Noticed Terence
  2573 | D:3      | Killed Terence
  3048 | D:3      | Reached XP level 6. HP: 41/46 MP: 0/0
  3183 | D:4      | Noticed an orc warrior
  3672 | D:4      | Found a staircase to the Ecumenical Temple.
  3690 | Temple   | Entered the Ecumenical Temple
  3851 | Temple   | Became a worshipper of Ashenzari the Shackled
  3977 | D:4      | Reached XP level 7. HP: 48/51 MP: 0/0
  3977 | D:4      | Learned a level 2 spell: Wereblood
  4081 | D:4      | Reached skill level 5 in Spellcasting
  4081 | D:4      | Reached skill level 5 in Conjurations
  4081 | D:4      | Reached skill level 5 in Hexes
  4081 | D:4      | Reached skill level 5 in Summonings
  4081 | D:4      | Reached skill level 5 in Necromancy
  4081 | D:4      | Reached skill level 5 in Translocations
  4081 | D:4      | Reached skill level 5 in Transmutations
  4081 | D:4      | Reached skill level 5 in Fire Magic
  4081 | D:4      | Reached skill level 5 in Ice Magic
  4081 | D:4      | Reached skill level 5 in Air Magic
  4081 | D:4      | Reached skill level 5 in Earth Magic
  4081 | D:4      | Reached skill level 5 in Poison Magic
  4687 | D:5      | Entered Level 5 of the Dungeon
  4687 | D:5      | Noticed Eustachio
  5098 | D:5      | Reached XP level 8. HP: 20/58 MP: 0/0
  5296 | D:5      | Found a basalt altar of Yredelemnul.
  5356 | D:5      | Found a shadowy altar of Dithmenos.
  5359 | D:5      | Found a blossoming altar of Fedhas.
  5361 | D:5      | Found a shimmering altar of Xom.
  5366 | D:5      | Found a sacrificial altar of Ru.
  5397 | D:5      | Reached skill level 5 in Fighting
  5399 | D:5      | Killed Eustachio
  5400 | D:5      | Reached skill level 1 in Shields
  6278 | D:6      | Noticed Blork the orc
  6284 | D:6      | Killed Blork the orc
  6543 | D:6      | Reached XP level 9. HP: 46/65 MP: 0/0
  6543 | D:6      | Learned a level 4 spell: Manifold Assault
  6710 | D:6      | Noticed Duvessa
  6765 | D:6      | Reached * piety under Ashenzari
  6891 | D:6      | Killed Duvessa
  6918 | D:6      | Noticed Dowan
  6920 | D:6      | Killed Dowan
  7680 | D:5      | Identified the +2 triple sword of Floods {freeze, Str+2
                  | Int+6}
  7892 | D:6      | Noticed Pikel
  7998 | D:6      | Killed Pikel
  7999 | D:6      | Reached skill level 1 in Long Blades
  8612 | D:6      | Reached ** piety under Ashenzari
  8692 | D:7      | Reached XP level 10. HP: 68/75 MP: 0/0
  8865 | D:7      | Found Foiddeg's Antique Weapon Shop.
  9136 | D:7      | Reached *** piety under Ashenzari
  9440 | D:8      | Found a bloodstained altar of Trog.
  9663 | D:8      | Noticed a death yak
  9717 | D:8      | Noticed a death yak
  9731 | D:8      | Killed a death yak
  9757 | D:8      | Found a staircase to the Lair.
  9758 | D:8      | Noticed a death yak
  9770 | D:8      | Killed a death yak
 10399 | D:8      | Slain by a death yak

Illustrated notes

Levels and vault maps discovered:
D:1:      elethiomel_arrival_quiet, layout_basic, minmay_pentomino_t2
D:2:      layout_loops_ring, basic_altar, serial_shops, shop, uniq_robin
D:3:      layout_basic, uniq_terence
D:4:      layout_loops_ring, minmay_temple_entry_glassed_door
D:5:      layout_loops_ring, nicolae_overflow_hallway_of_the_gods,
          sword_in_stone
D:6:      layout_basic, serial_co_window_serial, co_window_corner_a,
          co_window_of_opportunity_a, co_window_paths_a,
          co_window_of_opportunity_a, co_window_paths_b, co_window_paths_b,
          co_window_corner_a, co_window_corner_cb, co_window_corner_b,
          co_window_2corner, co_window_corner_b, co_window_cross_4,
          co_window_2corner, glass_columns_a, hangedman_decor_lopped,
          uniq_duvessa, uniq_blork_the_orc, uniq_pikel
D:7:      layout_basic, serial_shops, shop
D:8:      layout_gridville, trog_butcher_becter, dpeg_lair_monsters
Temple:   regret_index_temple_waves

Skill      XL: |  1  2  3  4  5  6  7  8  9 10 |
---------------+-------------------------------+-----
Spellcasting   | 4 5 7 8 9 |  9.6
Conjurations   | 4 5 7 8 9 |  9.6
Hexes          | 4 5 7 8 9 |  9.6
Summonings     | 4 5 7 8 9 |  9.6
Necromancy     | 4 5 7 8 9 |  9.6
Translocations | 4 5 7 8 9 |  9.6
Transmutations | 4 5 7 8 9 |  9.6
Fire Magic     | 4 5 7 8 9 |  9.6
Ice Magic      | 4 5 7 8 9 |  9.6
Air Magic      | 4 5 7 8 9 |  9.6
Earth Magic    | 4 5 7 8 9 |  9.6
Poison Magic   | 4 5 7 8 9 |  9.6
Fighting       | 1 2 3 4 5 7 |  7.4
Shields        | 3 4 |  4.3
Long Blades    | 2 3 |  3.6
Dodging        | |  2.1
Stealth        | |  1.5

Action                     |  1- 3 |  4- 6 |  7- 9 | 10-12 || total
---------------------------+-------+-------+-------+-------++-------
  Melee: Rapier            |       |       |     1 |       ||     1
         Triple sword      |       |       |    13 |    19 ||    32
   Cast: Shock             |    42 |   117 |   124 |     3 ||   286
         Scorch            |       |    11 |    23 |     3 ||    37
         Airstrike         |       |       |    50 |    51 ||   101
         Static Discharge  |       |       |     4 |       ||     4
         Manifold Assault  |       |       |     6 |     7 ||    13
 Invoke: Curse Item        |       |       |     3 |     1 ||     4
  Evoke: Wand              |       |       |     1 |       ||     1
    Use: Scroll            |       |       |     2 |     2 ||     4
         Potion            |       |       |     2 |       ||     2
 Armour: Robe              |     5 |     8 |       |       ||    13
         Leather armour    |       |     8 |    69 |    28 ||   105
  Dodge: Dodged            |       |    22 |    54 |    28 ||   104

Table legend: (Time is in decaauts)
 A = Elapsed time spent in this place.
 B = Non-inter-level travel time spent in this place.
 C = Inter-level travel time spent in this place.
 D = Time resting spent in this place.
 E = Time spent auto-exploring this place.
 F = Levels seen in this place.
 G = Mean time per level.
                   A        B        C        D        E       F      G
               +--------+--------+--------+--------+--------+-----+--------+
         Total |  10419 |   9362 |   1057 |   1780 |   6220 |   9 | 1157.7 |
       Dungeon |  10184 |   9359 |    825 |   1780 |   6220 |   8 | 1273.0 |
        Temple |    234 |      2 |    232 |      0 |      0 |   1 |  234.0 |
               +--------+--------+--------+--------+--------+-----+--------+

Top non-repeatable levels by time:
     D:6: 2121 daAuts
     D:5: 1637 daAuts
     D:4: 1289 daAuts
     D:3: 1162 daAuts
     D:1: 1115 daAuts
     D:2: 1113 daAuts
     D:7: 966 daAuts
     D:8: 779 daAuts
  Temple: 234 daAuts
